 Dungeon Crawl Stone Soup version bcrawl-1.18.1 (webtiles) character file.

Game seed: 10535742098618017508

144796 Banto the Black Belt (level 17, -1/157 HPs)
             Began as an Octopode Transmuter on Nov 11, 2019.
             Was the Champion of Cheibriados.
             Slain by an alligator (20 damage)
             ... called by a spriggan druid
             ... on level 1 of the Swamp.
             The game lasted 00:41:38 (23138 turns).

Banto the Black Belt (Octopode Transmuter)         Turns: 23138, Time: 00:41:38

Health: -1/157     AC: 26    Str: 31    XL:     17   Next: 11%
Magic:  37/40      EV: 32    Int: 35    God:    Cheibriados [******]
Gold:   1967       SH:  0    Dex: 36    Spells: 3/36 levels left

rFire    . . .     SeeInvis .     - Unarmed
rCold    . . .     Gourm    .   (no shield)
rNeg     + . .     Faith    .   (helmet restricted)
rPois    ∞         Spirit   .   D - scarf {repulsion}
rElec    +         Reflect  .   y - amulet of regeneration
rCorr    .         Harm     .   h - ring of magical power
MR       ++...                  q - +2 ring of strength
Stlth    ++++......             w - +3 ring of evasion
HPRegen  0.76/turn              O - ring of protection from magic
MPRegen  0.27/turn              v - +2 ring of strength
                                F - +3 ring of intelligence
                                I - +3 ring of dexterity
                                G - +3 ring of dexterity

@: statue-form, repel missiles, very slow
A: almost no armour, stealthy swim, amphibious, 8 rings, constrict 8, camouflage
1
}: 1/15 runes: gossamer
a: End Transformation, Bend Time, Temporal Distortion, Slouch, Step From Time,
Renounce Religion


You were on level 1 of the Swamp.
You worshipped Cheibriados.
Cheibriados was exalted by your worship.
You were not hungry.
You were a stone statue.
You visited 6 branches of the dungeon, and saw 24 of its levels.
You also visited: Sewer.

You collected 2406 gold pieces.
You spent 439 gold pieces at shops.

Inventory:

Missiles
 a - 2791 arrows
 L - 4 throwing nets (quivered) {!f}
Armour
 D - a scarf of repulsion (worn)
Jewellery
 h - a ring of magical power (left tentacle)
 q - a +2 ring of strength (right tentacle)
 v - a +2 ring of strength (on tentacle)
 w - a +3 ring of evasion (on tentacle)
 y - an amulet of regeneration (around mantle)
 E - an uncursed ring of insulation
 F - a +3 ring of intelligence (on tentacle)
 G - a +3 ring of dexterity (on tentacle)
 I - a +3 ring of dexterity (on tentacle)
 O - a ring of protection from magic (on tentacle)
Wands
 i - a wand of iceblast (12)
 m - a wand of flame (49)
 n - a wand of paralysis (28)
 C - a wand of acid (8)
 J - a wand of disintegration (16)
 K - a wand of digging (8)
 P - a wand of polymorph (19)
 T - a wand of random effects (7)
Scrolls
 f - 3 scrolls of blinking
 k - 3 scrolls of fog
 x - a scroll of amnesia
 z - 7 scrolls of remove curse
 A - 4 scrolls of fear
 B - 5 scrolls of teleportation
 H - 6 scrolls of identify
 M - a scroll of magic mapping
 N - 2 scrolls of immolation
 R - a scroll of enchant weapon
 S - a scroll of enchant armour
Potions
 b - 3 potions of brilliance
 c - a potion of lignification
 e - 2 potions of might
 g - 3 potions of mutation
 j - 4 potions of heal wounds
 l - a potion of agility
 o - a potion of resistance
 p - 5 potions of ambrosia
 r - 5 potions of curing
 s - 4 potions of flight
 u - a potion of invisibility
Miscellaneous
 t - a lamp of fire
Comestibles
 d - 40 rations {!d}
 Q - 2 chunks of flesh


   Skills:
 + Level 12.7 Fighting
 + Level 12.7 Dodging
 + Level 15.0 Unarmed Combat
 - Level 10.0 Spellcasting
 + Level 2.0 Charms
 + Level 2.0 Necromancy
 + Level 10.2 Transmutations
   Level 3.0 Ice Magic
 - Level 9.1 Earth Magic
 - Level 10.0 Invocations


You had 3 spell levels left.
You knew the following spells:

 Your Spells              Type           Power        Failure   Level  Hunger
a - Blade Hands           Tmut           ######....   1%          5    ##.....
b - Sticks to Snakes      Tmut           ######..     1%          2    None
c - Necromutation         Tmut/Necr      ######..     100%        8    #######
d - Summon Butterflies    Summ           ###.....     2%          1    None
e - Statue Form           Tmut/Erth      ######...    7%          6    ####...
f - Dragon Form           Tmut           ######.      30%         7    ######.
g - Animate Skeleton      Necr           N/A          1%          1    None
h - Regeneration          Chrm/Necr      ####......   3%          3    None

Your spell library contained the following spells:

 Spells                   Type           Power        Failure   Level  Hunger
 Beastly Appendage        Tmut           ######       1%          1    None
 Infusion                 Chrm           ####....     1%          1    None
 Pain                     Necr           ####..       1%          1    None
 Sandblast                Erth           ######       1%          1    None
 Passwall                 Tmut/Erth      ######..     1%          2    None
 Spider Form              Tmut/Pois      ###          1%          3    None
 Stone Arrow              Conj/Erth      #####.       1%          3    None
 Apportation              Tloc           ###...       2%          1    None
 Slow                     Hex            ###.....     2%          1    None
 Summon Small Mammal      Summ           ###.         2%          1    None
 Call Imp                 Summ           ###...       3%          2    None
 Vampiric Draining        Necr           ####......   3%          3    None
 Call Canine Familiar     Summ           ###.....     8%          3    None
 Ice Form                 Ice/Tmut       ######..     1%          4    None
 Petrify                  Tmut/Erth      ######..     1%          4    None
 Lee's Rapid Deconstruct  Erth           ######....   1%          5    ##.....
 Tree Form                Hex/Tmut       N/A          9%          5    ##.....
 Animate Dead             Necr           N/A          11%         4    None
 Summon Ice Beast         Ice/Summ       ####....     13%         4    None
 Bolt of Draining         Conj/Necr      ###.......   41%         5    ##.....
 Summon Lightning Spire   Summ/Air       ###.....     56%         5    ##.....


Dungeon Overview and Level Annotations

Branches:
Dungeon (12/12)            Temple (1/1) D:7            Lair (6/6) D:7
  Swamp (1/3) Lair:2       Spider (3/3) Lair:2        Slime (0/5) Lair:6
    Orc (1/1) D:8             Elf (0/3) Orc          Vaults (0/3) D:12
 Depths (0/5) D:12

Altars:
Ashenzari
Cheibriados
Dithmenos
Elyvilon
Fedhas
Gozag
Hepliaklqana
Kikubaaqudgha
Lugonu
Makhleb
Nemelex Xobeh
Okawaru
Qazlal
Ru
Sif Muna
Trog
Uskayaw
Vehumet
Wu Jian
Xom
Yredelemnul
Zin
The Shining One
Beogh

Shops:
D:4 =   D:5 =   D:7 }   Orc %*[[?

Annotations:
Lair:6 1 runed door


Innate Abilities, Weirdness & Mutations

You cannot wear most types of armour.
You are very stealthy in the water. (Stealth+)
You are amphibious.
You can wear up to eight rings at the same time.
You can use your tentacles to constrict eight enemies at once.
Your skin changes colour to match your surroundings (Stealth+).
((Your rubbery body absorbs attacks. (AC +1, EV +1)))


Message History

You tentacle-slap the bog body! You squeeze the bog body!!
The bog body is severely damaged.
The alligator bites you! The alligator completely misses you.
The alligator closely misses you. The alligator tail-slaps you.
* * * LOW HITPOINT WARNING * * *
The swamp worm barely misses you.
The bog body points at you and mumbles some strange words.
The bolt of cold misses you. The alligator barely misses you.
The alligator tail-slaps you but does no damage.
You thrash the alligator!!!
You kill the alligator!
Cheibriados thoroughly appreciates the change of pace.
Your Necromancy skill increases to level 2!
The alligator bites you!!
* * * LOW HITPOINT WARNING * * *
The alligator closely misses you. The swamp worm misses you.
The bog body completely misses you.
The bog body touches you but does no damage.
The alligator bites you!!
You die...

≈§ ♣.♣≈..≈.♣♣..♣ ♣w.≈.
♣≈≈≈<≈≈≈≈≈≈.♣ ♣.≈≈≈
♣♣≈...≈..≈..♣♣ ♣....♣
♣♣♣♣..≈♣≈≈.♣♣.♣♣
♣♣.≈≈≈.♣♣.♣..≈.♣♣♣.♣.≈♣♣
♣.§≈....°♣..≈≈.♣ ♣...≈.♣
...♣≈≈≈°≈≈≈...♣ ♣♣..≈♣♣
....).†)w.§≈≈.♣ ♣.≈≈.♣
...♣†♣8†♣♣≈≈≈♣ ♣.≈.♣♣
♣)†nt≈≈≈≈≈♣ ♣.≈.♣
≈≈...≈§))≈♣≈≈≈.♣ ♣.≈≈♣
≈≈≈♣.♣♣....≈≈≈.♣ ♣.≈.♣ .
.. ♣♣♣♣...÷)♣ ♣...♣ ≈.≈
♣.≈≈♣..♣ ♣.≈≈♣ ≈.
♣..≈≈≈≈♣ ♣ ♣♣.≈≈..♣
♣≈≈.≈≈.


You could see an alligator, a bog body and 2 swamp worms.

Vanquished Creatures
  Arachne (Spider:2)
  Nikola (Spider:2)
  Kirke (Lair:6)
  An orc warlord (Orc)
  7 emperor scorpions
  6 ghost moths
  Louise (Swamp:1)
  An ironheart preserver (D:12)
  A spark wasp (Spider:2)
  An ettin (D:12)
  Fannar (D:11)
  5 ogre magi
  2 rakshasas
  Harold (D:11)
  A ghost crab (Swamp:1)
  8 hydras
  A shambling mangrove (Swamp:1)
  Erica (D:11)
  A catoblepas (Lair:4)
  2 centaur warriors
  6 alligators (Swamp:1)
  17 two-headed ogres
  An orc high priest (Orc)
  A tengu warrior (D:12)
  A death yak (Lair:5)
  Nergalle (Orc)
  A deep elf knight (D:12)
  A hell knight (D:12)
  2 cyclopes
  2 spriggan druids (Swamp:1)
  2 lindwurms (Lair:6)
  A necromancer (Lair:6)
  2 orb spiders
  A deep elf mage (D:12)
  2 ugly things
  23 wolf spiders
  9 elephants (Lair:5)
  A manticore (D:12)
  2 moths of wrath
  6 black mambas
  7 torpor snails
  13 cane toads
  2 centaur skeletons (D:8)
  A kobold demonologist (D:10)
  A yaktaur (D:12)
  3 komodo dragons
  A rime drake (Lair:5)
  8 demonic crawlers
  A freezing wraith (D:12)
  A redback zombie (D:12)
  3 tengu conjurers (D:12)
  2 trolls
  23 jumping spiders
  17 hornets
  A wolf spider simulacrum (D:12)
  8 hippogriffs
  3 tyrant leeches (Lair:6)
  13 blink frogs
  6 hogs
  5 spriggans (Swamp:1)
  27 redbacks
  11 tarantellas
  A shadow (D:12)
  8 yaks
  7 basilisks
  A wyvern (Lair:3)
  A wraith (D:12)
  A human (D:7)
  3 hungry ghosts
  A warg (Orc)
  4 insubstantial wisps (Swamp:1)
  A swamp worm (Swamp:1)
  6 water moccasins
  Duvessa (D:4)
  9 porcupines
  16 orc warriors
  2 black bears
  2 phantoms
  3 sky beasts
  24 ogres
  10 centaurs
  11 crocodiles
  4 big kobolds
  11 bullfrogs
  Dowan (D:4)
  3 scorpions
  A water moccasin skeleton (D:4)
  4 killer bees (D:8)
  12 howler monkeys
  An electric eel (Lair:1)
  5 wights (D:9)
  7 crimson imps
  2 quasits (D:7)
  2 centaur zombies
  7 hounds
  8 orc priests
  3 jellies (D:7)
  5 iguanas
  20 orc wizards
  8 worker ants
  4 yak simulacra (Lair:6)
  4 polar bear simulacra (Lair:6)
  A killer bee zombie (D:6)
  A hound skeleton (D:5)
  2 worker ant zombies
  21 adders
  A shadow imp (D:4)
  12 oozes
  2 adder skeletons
  2 worms (D:2)
  2 dart slugs (D:1)
  17 leopard geckos
  49 orcs
  5 ball pythons (Sewer)
  18 giant cockroaches
  6 hobgoblins
  7 jackals
  6 quokkas
  7 bats
  22 frilled lizards
  3 goblins
  18 kobolds
  A leopard gecko skeleton (D:4)
  3 rats
  3 river rat simulacra (Lair:6)
  7 bushes (D:12)
723 creatures vanquished.

Vanquished Creatures (collateral kills)
  15 orb spiders
  3 wolf spiders
  A demonic crawler (Spider:2)
  A jumping spider (Spider:3)
  A redback (Spider:2)
  A tarantella (Spider:2)
22 creatures vanquished.

Vanquished Creatures (others)
  A demonic crawler (Spider:2)
  A redback (Spider:3)
  An orc (D:8)
  3 bushes (D:12)
  5 fungi
  4 plants (Lair:5)
15 creatures vanquished.

Grand Total: 760 creatures vanquished

Notes
Turn   | Place    | Note
-------+----------+-------------------------------------------
     0 | D:1      | Banto the Octopode Transmuter began the quest for the Orb.
     0 | D:1      | Reached XP level 1. HP: 13/13 MP: 3/3
   136 | D:1      | Reached XP level 2. HP: 17/18 MP: 5/5
   517 | D:1      | Reached XP level 3. HP: 23/23 MP: 6/6
   540 | D:1      | Learned a level 2 spell: Sticks to Snakes
   544 | D:1      | Learned a level 3 spell: Spider Form
  1630 | D:2      | Reached XP level 4. HP: 28/28 MP: 8/8
  2706 | D:3      | Reached skill level 4 in Unarmed Combat
  2947 | D:2      | Learned a level 4 spell: Ice Form
  2958 | D:3      | Reached XP level 5. HP: 26/33 MP: 9/9
  3540 | D:4      | Found a glowing drain.
  3815 | Sewer    | Entered a sewer
  3825 | Sewer    | Reached XP level 6. HP: 18/38 MP: 10/10
  4467 | Sewer    | Reached skill level 5 in Unarmed Combat
  4880 | Sewer    | Reached skill level 5 in Transmutations
  4880 | Sewer    | Reached XP level 7. HP: 26/43 MP: 9/11
  4991 | D:4      | Found Qolomiypp's Jewellery Shoppe.
  5279 | D:4      | Noticed Dowan
  5280 | D:4      | Noticed Duvessa
  5306 | D:4      | Killed Duvessa
  5308 | D:4      | Killed Dowan
  5308 | D:4      | Reached skill level 6 in Unarmed Combat
  5986 | D:4      | Reached XP level 8. HP: 43/48 MP: 8/12
  6296 | D:5      | Entered Level 5 of the Dungeon
  6318 | D:5      | Reached skill level 7 in Unarmed Combat
  7356 | D:5      | Reached skill level 8 in Unarmed Combat
  7498 | D:5      | Found Zobrege's Jewellery Shop.
  7501 | D:5      | Bought a cursed amulet of inaccuracy for 22 gold pieces
  7501 | D:5      | Bought a cursed ring of teleportation for 49 gold pieces
  7503 | D:5      | Bought an uncursed amulet of regeneration for 330 gold
                  | pieces
  7674 | D:5      | Reached XP level 9. HP: 49/53 MP: 13/13
  7737 | D:6      | Reached skill level 1 in Ice Magic
  8457 | D:7      | Found a staircase to the Ecumenical Temple.
  8516 | D:7      | Learned a level 5 spell: Blade Hands
  8517 | Temple   | Entered the Ecumenical Temple
  8589 | Temple   | Became a worshipper of Cheibriados the Contemplative
  8839 | D:7      | Found Tuuscheul's Gadget Shop.
  8922 | D:7      | Reached skill level 9 in Unarmed Combat
  9012 | D:7      | Found a burning altar of Makhleb.
  9019 | D:7      | Found an ornate altar of the Wu Jian Council.
  9019 | D:7      | Found a bloodstained altar of Trog.
  9022 | D:7      | Found a radiant altar of Vehumet.
  9024 | D:7      | Found a glowing golden altar of the Shining One.
  9132 | D:7      | Reached * piety under Cheibriados
  9218 | D:7      | Found a staircase to the Lair.
  9277 | D:7      | Reached XP level 10. HP: 33/58 MP: 14/14
  9280 | D:7      | Reached skill level 10 in Unarmed Combat
  9529 | D:8      | Reached skill level 10 in Transmutations
  9580 | D:8      | Reached ** piety under Cheibriados
  9639 | D:8      | Found a staircase to the Orcish Mines.
  9674 | D:8      | Reached skill level 11 in Unarmed Combat
 10085 | D:8      | Reached *** piety under Cheibriados
 10283 | D:9      | Noticed a centaur warrior
 10290 | D:8      | Reached skill level 12 in Unarmed Combat
 10387 | D:9      | Noticed a white ugly thing
 10397 | D:9      | Killed a white ugly thing
 10397 | D:9      | Reached XP level 11. HP: 62/63 MP: 15/15
 10478 | D:9      | Killed a centaur warrior
 10478 | D:9      | Reached skill level 13 in Unarmed Combat
 10591 | D:9      | Noticed a two-headed ogre
 10603 | D:9      | Killed a two-headed ogre
 10737 | D:9      | Reached **** piety under Cheibriados
 10875 | D:10     | Entered Level 10 of the Dungeon
 10948 | D:10     | Noticed a two-headed ogre
 10952 | D:10     | Killed a two-headed ogre
 11242 | D:10     | Noticed a seven-headed hydra
 11249 | D:10     | Killed a seven-headed hydra
 11339 | D:10     | Reached skill level 5 in Dodging
 11363 | D:10     | Reached skill level 5 in Fighting
 11514 | D:11     | Noticed Fannar
 11525 | D:11     | Killed Fannar
 11631 | D:11     | Found a stormy altar of Qazlal.
 11631 | D:11     | Noticed a centaur warrior
 11640 | D:11     | Killed a centaur warrior
 11841 | Lair:1   | Entered Level 1 of the Lair of Beasts
 11851 | Lair:1   | Reached XP level 12. HP: 79/79 MP: 16/16
 11859 | Lair:1   | Reached ***** piety under Cheibriados
 12891 | Lair:2   | Found a hole to the Spider Nest.
 13202 | Lair:2   | Noticed an eight-headed hydra
 13208 | Lair:2   | HP: 2/98 [eight-headed hydra (6)]
 13209 | Lair:2   | Killed an eight-headed hydra
 13381 | Lair:2   | Found a staircase to the Swamp.
 13819 | Lair:3   | Noticed a four-headed hydra
 13827 | Lair:3   | Killed a four-headed hydra
 14268 | Lair:3   | Found a hide-covered altar of Uskayaw.
 14556 | Lair:4   | Noticed a five-headed hydra
 14565 | Lair:4   | Killed a five-headed hydra
 14752 | Lair:4   | Reached XP level 13. HP: 90/90 MP: 17/17
 14972 | Lair:4   | Reached skill level 10 in Dodging
 15492 | Lair:5   | Reached skill level 1 in Invocations
 15517 | Lair:5   | Reached skill level 10 in Fighting
 15704 | Lair:5   | Identified a scroll of acquirement
 15705 | Lair:5   | Got a bloodstained shield
 15725 | Lair:5   | Reached skill level 5 in Invocations
 15920 | Lair:5   | Reached ****** piety under Cheibriados
 16417 | Lair:6   | Entered Level 6 of the Lair of Beasts
 16472 | Lair:6   | Learned a level 6 spell: Statue Form
 16508 | Lair:6   | Reached skill level 1 in Earth Magic
 16513 | Lair:6   | Noticed Kirke
 16530 | Lair:6   | Killed Kirke
 16652 | Lair:6   | Found a runed door.
 16703 | Lair:6   | Reached skill level 5 in Spellcasting
 16703 | Lair:6   | Reached XP level 14. HP: 99/99 MP: 21/21
 17389 | Lair:6   | Found a staircase to the Slime Pits.
 17790 | Orc      | Entered the Orcish Mines
 17809 | Orc      | Found Ivil's Magic Scroll Boutique.
 17819 | Orc      | Noticed an orc warlord
 17849 | Orc      | Found a staircase to the Elven Halls.
 17876 | Orc      | Killed an orc warlord
 17876 | Orc      | Reached skill level 10 in Invocations
 17939 | Orc      | Reached skill level 5 in Earth Magic
 18057 | Orc      | Noticed Nergalle
 18065 | Orc      | Killed Nergalle
 18137 | Orc      | Bought a scroll of magic mapping for 38 gold pieces
 18263 | Orc      | Found Genuk's Food Shoppe.
 18263 | Orc      | Found Yhasuc Ryi's General Store.
 18264 | Orc      | Found Duegighu's Antique Armour Boutique.
 18264 | Orc      | Found Viegiw's Armour Emporium.
 18808 | D:11     | Noticed Harold
 18816 | D:11     | Killed Harold
 18868 | D:11     | Reached XP level 15. HP: 103/103 MP: 27/27
 18898 | D:11     | Learned a level 7 spell: Dragon Form
 19232 | D:11     | Noticed Erica
 19234 | D:11     | Killed Erica
 19327 | D:12     | Entered Level 12 of the Dungeon
 19650 | D:12     | Found a gate to the Vaults.
 19764 | D:12     | Found a staircase to the Depths.
 20166 | Spider:1 | Entered Level 1 of the Spider Nest
 20185 | Spider:1 | Killed a ghost moth
 20291 | Spider:1 | Learned a level 1 spell: Animate Skeleton
 20413 | Spider:1 | Killed a ghost moth
 20914 | Spider:2 | Noticed an emperor scorpion
 20927 | Spider:2 | Killed an emperor scorpion
 21019 | Spider:2 | Noticed an emperor scorpion
 21026 | Spider:2 | Killed an emperor scorpion
 21026 | Spider:2 | Reached skill level 14 in Unarmed Combat
 21053 | Spider:2 | Learned a level 3 spell: Regeneration
 21085 | Spider:2 | Found a roughly hewn altar of Beogh.
 21100 | Spider:2 | Got a scorched morningstar
 21162 | Spider:2 | Killed a ghost moth
 21445 | Spider:3 | Entered Level 3 of the Spider Nest
 21445 | Spider:3 | Noticed Arachne
 21451 | Spider:3 | Noticed Nikola
 21457 | Spider:2 | Reached XP level 16. HP: 52/113 MP: 28/28
 21628 | Spider:2 | Killed Arachne
 21884 | Spider:2 | Killed Nikola
 22816 | Spider:3 | Got a gossamer rune of Zot
 22861 | Spider:3 | Reached skill level 10 in Spellcasting
 23007 | Swamp:1  | Entered Level 1 of the Swamp
 23035 | Swamp:1  | Noticed Louise
 23045 | Swamp:1  | Killed Louise
 23046 | Swamp:1  | Reached skill level 1 in Charms
 23047 | Swamp:1  | Reached skill level 1 in Necromancy
 23108 | Swamp:1  | Learned a level 8 spell: Necromutation
 23110 | Swamp:1  | Learned a level 1 spell: Summon Butterflies
 23123 | Swamp:1  | Reached XP level 17. HP: 121/121 MP: 31/31
 23125 | Swamp:1  | Reached skill level 15 in Unarmed Combat
 23138 | Swamp:1  | Slain by an alligator

Skill      XL: |  1  2  3  4  5  6  7  8  9 10 11 12 13 14 15 16 17 |
---------------+----------------------------------------------------+-----
Transmutations | 3 4 5 6 7 9 10 | 10.2
Unarmed Combat | 4 5 6 8 9 12 13 14 15 | 15.0
Spellcasting   | 3 5 8 10 | 10.0
Ice Magic      | 3 |  3.0
Fighting       | 6 9 10 11 12 | 12.7
Dodging        | 6 9 10 11 12 | 12.7
Invocations    | 9 10 | 10.0
Earth Magic    | 3 8 9 |  9.1
Charms         | 1 2 |  2.0
Necromancy     | 1 2 |  2.0

Action                   |  1- 3 |  4- 6 |  7- 9 | 10-12 | 13-15 | 16-18 || total
-------------------------+-------+-------+-------+-------+-------+-------++-------
Melee: Unarmed           |    97 |   201 |   306 |   385 |   605 |   189 ||  1783
       Constrict         |    24 |    35 |    24 |       |    53 |    41 ||   177
       Tentacles         |    12 |    28 |    20 |       |    96 |    66 ||   222
       Punch             |     1 |     5 |     5 |       |    65 |    39 ||   115
       Kick              |     1 |       |       |       |       |       ||     1
 Cast: Spider Form       |     1 |     2 |     7 |       |       |       ||    10
       Beastly Appendage |     1 |       |       |       |       |       ||     1
       Sticks to Snakes  |       |     1 |       |       |     5 |    17 ||    23
       Ice Form          |       |       |    12 |     1 |     1 |       ||    14
       Statue Form       |       |       |       |       |     1 |       ||     1
       Animate Skeleton  |       |       |       |       |       |     1 ||     1
       Regeneration      |       |       |       |       |       |     1 ||     1
Invok: Slouch            |       |       |       |       |     2 |     1 ||     3
 Abil: End Transformatio |       |       |     1 |     1 |     2 |       ||     4
Evoke: Wand              |       |       |       |       |     6 |       ||     6
  Use: Scroll            |     2 |     5 |     8 |    11 |     3 |     3 ||    32
       Potion            |       |     1 |       |       |       |       ||     1
 Stab: Sleeping          |     9 |     3 |     3 |     1 |     8 |       ||    24
       Distracted        |       |       |       |       |     2 |     2 ||     4
       Held in net/web   |       |       |       |       |       |     1 ||     1
  Eat: Chunk             |     2 |    11 |    22 |    10 |    13 |     2 ||    60
       Ration            |       |       |       |       |     1 |     1 ||     2
Armor: Skin              |    11 |    17 |    75 |    86 |   239 |   214 ||   642
Dodge: Dodged            |    57 |   126 |   209 |   309 |  1219 |   833 ||  2753
       Deflected         |       |       |       |       |     9 |       ||     9
